 Dungeon Crawl Stone Soup version 0.23.1 (webtiles) character file.

Game seed: 12313947991156325919

1439 Chiseanne the Stinger (level 8, -3/58 HPs)
             Began as a Gnoll Wanderer on Mar 8, 2019.
             Killed by nerve-wracking pain
             ... invoked by an orc priest
              (13 damage)
             ... on level 7 of the Dungeon.
             The game lasted 00:16:36 (7488 turns).

Chiseanne the Stinger (Gnoll Wanderer)              Turns: 7488, Time: 00:16:36

Health: -3/58      AC:  8    Str: 14    XL:     8   Next: 74%
Magic:  11/17      EV: 29    Int: 16    God:
Gold:   200        SH:  0    Dex: 21    Spells: 12/19 levels left

rFire    . . .     SeeInvis .   a - +0 dagger (venom)
rCold    . . .     Gourm    .   (no shield)
rNeg     . . .     Faith    .   e - +1 robe
rPois    .         Spirit   .   o - +0 helmet
rElec    .         Reflect  .   w - +0 cloak
rCorr    .         Harm     .   G - +2 pair of gloves
MR       .....                  (no boots)
Stlth    +++.......             v - amulet of the acrobat
HPRegen  0.19/turn              C - +5 ring of dexterity
MPRegen  0.15/turn              (no ring)

@: acrobat
A: distributed training, fangs 1, strong nose
a: no special abilities


You were on level 7 of the Dungeon.
You were not hungry.

You visited 2 branches of the dungeon, and saw 8 of its levels.

You collected 348 gold pieces.
You spent 148 gold pieces at shops.

Inventory:

Hand Weapons
 a - a +0 dagger of venom (weapon)
 s - a +2 dagger
Missiles
 d - 287 stones (quivered)
 j - 51 bolts
 k - 3 curare-tipped needles
 l - 66 arrows
 u - 37 sling bullets
 y - 35 poisoned needles
 A - a throwing net
 F - 4 tomahawks
Armour
 e - a +1 robe (worn)
 o - a +0 helmet (worn)
 w - a +0 cloak (worn)
 G - a +2 pair of gloves (worn)
Jewellery
 v - an amulet of the acrobat (around neck)
 C - a +5 ring of dexterity (left hand)
Wands
 x - a wand of flame (12)
Scrolls
 g - 2 scrolls of blinking
 m - a scroll of fog
 r - 5 scrolls of teleportation
 z - a scroll of remove curse
 E - a scroll of summoning
Potions
 b - a potion of berserk rage
 c - 2 potions of ambrosia
 h - 3 potions of flight
 i - 3 potions of curing
 n - a potion of cancellation
 p - a potion of might
 q - a potion of heal wounds
 t - 2 potions of haste
 D - 2 potions of lignification
Comestibles
 f - 8 rations
 B - 4 chunks of flesh


   Skills:
 + Level 3.4 Fighting
 + Level 3.4 Short Blades
 + Level 3.4 Long Blades
 + Level 3.4 Axes
 + Level 3.4 Maces & Flails
 + Level 3.4 Polearms
 + Level 3.4 Staves
 + Level 3.4 Slings
 + Level 3.4 Bows
 + Level 3.4 Crossbows
 + Level 3.4 Throwing
 + Level 3.4 Armour
 + Level 3.4 Dodging
 + Level 5.5 Stealth
 + Level 3.4 Shields
 + Level 3.4 Unarmed Combat
 + Level 6.1 Spellcasting
 + Level 2.8 Conjurations
 + Level 2.8 Hexes
 + Level 2.8 Charms
 + Level 3.6 Summonings
 + Level 3.6 Necromancy
 + Level 2.8 Translocations
 + Level 2.8 Transmutations
 + Level 2.8 Fire Magic
 + Level 2.8 Ice Magic
 + Level 2.8 Air Magic
 + Level 2.8 Earth Magic
 + Level 7.7 Poison Magic
 + Level 3.8 Invocations
 + Level 3.4 Evocations


You had 12 spell levels left.
You knew the following spells:

 Your Spells              Type           Power        Failure   Level  Hunger
a - Sting                 Conj/Pois      ###.         1%          1    None
b - Mephitic Cloud        Conj/Pois/Air  ###.....     6%          3    ##.....
c - Stone Arrow           Conj/Erth      ##....       13%         3    ##.....

Your spell library contained the following spells:

 Spells                   Type           Power        Failure   Level  Hunger
 Sandblast                Erth           ##....       4%          1    None


Dungeon Overview and Level Annotations

Branches:
Dungeon (7/15)             Temple (1/1) D:5

Altars:
Cheibriados
Dithmenos
Elyvilon
Gozag
Hepliaklqana
Kikubaaqudgha
Makhleb
Nemelex Xobeh
Okawaru
Qazlal
Ru
Sif Muna
Trog
Uskayaw
Wu Jian
Xom
Yredelemnul
Zin
Beogh

Shops:
D:5 [   D:6 ?


Innate Abilities, Weirdness & Mutations

Your experience applies equally to all skills.
You have very sharp teeth.
Your uncanny sense of smell can sniff out nearby items.


Message History

You hear a shout!
The orc wizard is engulfed in noxious fumes.
The orc wizard points at you and mumbles some strange words.
You are confused.
The orc priest invokes the aid of Beogh against you.
Beogh smites you!
The orc wizard is engulfed in noxious fumes.
The orc wizard appears confused.
The orc wizard is engulfed in noxious fumes.
The orc wizard appears confused.
A hornet zombie comes into view.
You bump into the rock wall.
The orc priest invokes the aid of Beogh against you.
Beogh smites you!
* * * LOW HITPOINT WARNING * * *
A water moccasin zombie comes into view.
You feel less confused.
The orc priest invokes the aid of Beogh against you.
Pain shoots through your body!
You die...

##...## ## ......#
#. .#..... #.
#......# #.
###Z.......
#.##.o.._8_...
#..o.##.......
#..@.......... #.
##.#####)........#.#
#.# #.##.#.... #.#
........ #.# #..#.#
##.# #..#.# #..#
#..#.## ####>###
#....<. #......#
#......


You could see an orc priest, an orc wizard (confused) and a hornet zombie.

Vanquished Creatures
  Sigmund (D:2)
  An orc warrior (D:6)
  A sky beast (D:6)
  A necrophage (D:6)
  A phantom (D:5)
  An ogre (D:6)
  A centaur (D:7)
  3 bullfrogs
  A centaur zombie (D:6)
  A crimson imp (D:5)
  A bullfrog zombie (D:6)
  A bullfrog skeleton (D:3)
  2 orc priests
  An iguana (D:4)
  Terence (D:2)
  3 orc wizards (D:6)
  2 worker ants
  A hound zombie (D:5)
  Robin (D:3)
  3 adders
  2 oozes
  An adder skeleton (D:4)
  2 worms
  5 dart slugs
  5 leopard geckos
  14 orcs
  A ball python (D:3)
  9 giant cockroaches
  8 goblins
  10 hobgoblins
  7 kobolds
  4 quokkas
  4 bats (D:1)
  4 frilled lizards
  12 rats
116 creatures vanquished.

Notes
Turn   | Place    | Note
-------+----------+-------------------------------------------
     0 | D:1      | Chiseanne the Gnoll Wanderer began the quest for the Orb.
     0 | D:1      | Chiseanne set off with the following items: a +2 dagger, a
                  | potion of berserk rage, a +0 robe, a ration; and the
                  | following spells available to memorise: Sting, Sandblast,
                  | Mephitic Cloud, Stone Arrow
     0 | D:1      | Reached XP level 1. HP: 13/13 MP: 6/6
     3 | D:1      | Learned a level 1 spell: Sting
   182 | D:1      | Reached XP level 2. HP: 19/19 MP: 5/7
   503 | D:1      | Reached XP level 3. HP: 25/25 MP: 6/9
   562 | D:1      | Reached skill level 5 in Spellcasting
   821 | D:1      | Reached skill level 1 in Invocations
  1211 | D:2      | Noticed Sigmund
  1225 | D:2      | Killed Sigmund
  1225 | D:2      | Reached skill level 1 in Fighting
  1225 | D:2      | Reached skill level 1 in Short Blades
  1225 | D:2      | Reached skill level 1 in Long Blades
  1225 | D:2      | Reached skill level 1 in Axes
  1225 | D:2      | Reached skill level 1 in Maces & Flails
  1225 | D:2      | Reached skill level 1 in Polearms
  1225 | D:2      | Reached skill level 1 in Staves
  1225 | D:2      | Reached skill level 1 in Slings
  1225 | D:2      | Reached skill level 1 in Bows
  1225 | D:2      | Reached skill level 1 in Crossbows
  1225 | D:2      | Reached skill level 1 in Throwing
  1225 | D:2      | Reached skill level 1 in Armour
  1225 | D:2      | Reached skill level 1 in Dodging
  1225 | D:2      | Reached skill level 1 in Shields
  1225 | D:2      | Reached skill level 1 in Unarmed Combat
  1225 | D:2      | Reached skill level 1 in Conjurations
  1225 | D:2      | Reached skill level 1 in Hexes
  1225 | D:2      | Reached skill level 1 in Charms
  1225 | D:2      | Reached skill level 1 in Translocations
  1225 | D:2      | Reached skill level 1 in Transmutations
  1225 | D:2      | Reached skill level 1 in Fire Magic
  1225 | D:2      | Reached skill level 1 in Ice Magic
  1225 | D:2      | Reached skill level 1 in Air Magic
  1225 | D:2      | Reached skill level 1 in Earth Magic
  1225 | D:2      | Reached skill level 1 in Evocations
  1225 | D:2      | Reached XP level 4. HP: 8/32 MP: 0/11
  1225 | D:2      | Reached XP level 5. HP: 9/37 MP: 0/12
  1455 | D:2      | Found a basalt altar of Yredelemnul.
  1630 | D:2      | Learned a level 3 spell: Mephitic Cloud
  1634 | D:2      | Learned a level 3 spell: Stone Arrow
  1649 | D:2      | Noticed Terence
  1670 | D:2      | Killed Terence
  1670 | D:2      | Reached XP level 6. HP: 25/44 MP: 1/13
  2773 | D:3      | Noticed Robin
  2805 | D:3      | Killed Robin
  3047 | D:3      | Found a roughly hewn altar of Beogh.
  4212 | D:5      | Entered Level 5 of the Dungeon
  4262 | D:5      | Reached XP level 7. HP: 50/50 MP: 9/15
  4273 | D:5      | Found Xiusch's Armour Shoppe.
  4500 | D:5      | Found a staircase to the Ecumenical Temple.
  4514 | Temple   | Entered the Ecumenical Temple
  5861 | D:6      | Reached skill level 5 in Stealth
  5873 | D:6      | Found Tibiukyps's Magic Scroll Emporium.
  6036 | D:6      | Reached XP level 8. HP: 23/57 MP: 6/16
  6592 | D:6      | Bought a scroll of summoning for 104 gold pieces
  6592 | D:6      | Bought a scroll of identify for 22 gold pieces
  6592 | D:6      | Bought a scroll of identify for 22 gold pieces
  7219 | D:6      | Found a sparkling altar of Nemelex Xobeh.
  7468 | D:7      | Found a sacrificial altar of Ru.
  7470 | D:7      | Found a deep blue altar of Sif Muna.
  7488 | D:7      | Killed from afar by an orc priest

Skill      XL: |  1  2  3  4  5  6  7  8 |
---------------+-------------------------+-----
Summonings     | 2 3 |  3.6
Necromancy     | 2 3 |  3.6
Spellcasting   | 5 6 |  6.1
Invocations    | 1 2 3 |  3.8
Fighting       | 1 2 3 |  3.4
Short Blades   | 1 2 3 |  3.4
Long Blades    | 1 2 3 |  3.4
Axes           | 1 2 3 |  3.4
Maces & Flails | 1 2 3 |  3.4
Polearms       | 1 2 3 |  3.4
Staves         | 1 2 3 |  3.4
Slings         | 1 2 3 |  3.4
Bows           | 1 2 3 |  3.4
Crossbows      | 1 2 3 |  3.4
Throwing       | 1 2 3 |  3.4
Armour         | 1 2 3 |  3.4
Dodging        | 1 2 3 |  3.4
Shields        | 1 2 3 |  3.4
Unarmed Combat | 1 2 3 |  3.4
Conjurations   | 1 2 |  2.8
Hexes          | 1 2 |  2.8
Charms         | 1 2 |  2.8
Translocations | 1 2 |  2.8
Transmutations | 1 2 |  2.8
Fire Magic     | 1 2 |  2.8
Ice Magic      | 1 2 |  2.8
Air Magic      | 1 2 |  2.8
Earth Magic    | 1 2 |  2.8
Evocations     | 1 2 3 |  3.4
Stealth        | 5 |  5.5
Poison Magic   | |  7.7

Action                   |  1- 3 |  4- 6 |  7- 9 || total
-------------------------+-------+-------+-------++-------
Melee: Dagger            |     6 |    24 |    34 ||    64
       Bite              |       |     1 |     2 ||     3
 Cast: Sting             |    73 |   113 |    87 ||   273
       Mephitic Cloud    |       |     2 |    10 ||    12
       Stone Arrow       |       |     4 |    22 ||    26
Evoke: Wand              |       |       |     9 ||     9
  Use: Scroll            |       |    14 |     5 ||    19
       Potion            |       |       |     2 ||     2
 Stab: Sleeping          |       |     2 |     1 ||     3
  Eat: Chunk             |     1 |     8 |    10 ||    19
       Ration            |       |       |     1 ||     1
Armor: Robe              |     3 |    10 |    12 ||    25
Dodge: Dodged            |     6 |    35 |    63 ||   104
